 Dungeon Crawl Stone Soup version 0.26.1-2-gb8aa6d0cf2 (webtiles) character file.

Game seed: 3469032769701867009

2818 Martska the Fighter (level 9, -33/98 HPs)
             Began as an Ogre Hunter on Mar 11, 2021.
             Was a Priest of the Shining One.
             Annihilated by a boulder beetle (45 damage)
             ... on level 7 of the Dungeon.
             The game lasted 00:14:43 (11924 turns).

Martska the Fighter (Ogre Hunter)                  Turns: 11924, Time: 00:14:44

Health: -33/98     AC:  4    Str: 21    XL:     9   Next: 72%
Magic:  9/9        EV: 12    Int: 12    God:    the Shining One [***...]
Gold:   348        SH:  5    Dex:  9    Spells: 8/8 levels left

rFire    . . .     SeeInvis .   d - +0 whip (flame)
rCold    . . .     Faith    .   (no shield)
rNeg     + . .     Spirit   .   b - +0 robe
rPois    .         Reflect  +   (helmet restricted)
rElec    .         Harm     .   A - +0 cloak
rCorr    .         Rampage  .   (gloves unavailable)
Will     .....                  (boots unavailable)
Stlth    ..........             x - amulet of reflection
HPRegen  0.26/turn              m - ring of attention (curse)
MPRegen  0.11/turn              (no ring)

@: glowing
A: large, unfitting armour, tough skin 1
a: Renounce Religion, Divine Shield


You were on level 7 of the Dungeon.
You worshipped the Shining One.
The Shining One was most pleased with you.
You visited 2 branches of the dungeon, and saw 8 of its levels.

You collected 348 gold pieces.

Inventory:

Hand Weapons
 a - a +0 short sword
 d - a +0 whip of flaming (weapon)
 g - a +0 whip
 o - a +1 flail
Missiles
 z - 7 throwing nets (quivered)
Armour
 b - a +0 robe (worn)
 A - a +0 cloak (worn)
Jewellery
 m - a cursed ring of attention (left hand)
 t - an uncursed amulet of the acrobat
 x - an amulet of reflection (around neck)
Wands
 c - a wand of paralysis (16)
 f - a wand of polymorph (6)
 v - a wand of digging (4)
Scrolls
 h - a scroll of enchant armour {unknown}
 k - a scroll of fog
 l - 7 scrolls of identify
 n - 4 scrolls of enchant weapon
 p - a scroll of teleportation
 r - 5 scrolls of remove curse {unknown}
 u - a scroll of noise {unknown}
 y - 2 scrolls of magic mapping {unknown}
 B - 2 scrolls of immolation {unknown}
 D - a scroll of random uselessness {unknown}
 F - a scroll of vulnerability {unknown}
Potions
 e - a potion of ambrosia
 i - 3 potions of curing
 j - a potion of experience {unknown}
 q - a potion of degeneration {unknown}
 s - 5 potions of haste {unknown}
 w - 2 potions of cancellation {unknown}
 E - a potion of lignification {unknown}


   Skills:
 * Level 9.1 Fighting
 * Level 5.9 Maces & Flails
 + Level 7.0 Throwing
 * Level 6.3 Dodging
 - Level 0.6 Stealth
 * Level 1.2 Invocations
 * Level 0.8 Evocations


You had 8 spell levels left.
You didn't know any spells.
Your spell library contained the following spells:

 Spells                   Type           Power        Failure   Level
 Foxfire                  Conj/Fire      0%           32%         1
 Magic Dart               Conj           0%           32%         1
 Searing Ray              Conj           0%           45%         2
 Conjure Flame            Conj/Fire      0%           69%         3
 Dazzling Flash           Conj/Hex       0%           69%         3
 Inner Flame              Hex/Fire       0%           69%         3
 Fulminant Prism          Conj/Hex       0%           97%         4
 Iskenderun's Mystic Bla  Conj/Tloc      0%           97%         4
 Sticky Flame             Conj/Fire      0%           97%         4
 Fireball                 Conj/Fire      0%           100%        5


Dungeon Overview and Level Annotations

Branches:
Dungeon (7/15)             Temple (1/1) D:4

Altars:
Dithmenos
Elyvilon
Gozag
Kikubaaqudgha
Okawaru
Ru
Trog
Wu Jian
Xom
Yredelemnul
The Shining One

Shops:
D:6 (

Annotations:
D:7 Menkaure


Innate Abilities, Weirdness & Mutations

You are too large for most types of armour.
You have tough skin. (AC +1)


Message History

Press: ? - help, v - describe, . - travel
Here: a boulder beetle (lightly wounded, haloed)
The floor.
The boulder beetle leaps!
The boulder beetle curls into a ball and begins rolling!
The boulder beetle hits you!!
* * * LOW HITPOINT WARNING * * *
The boulder beetle stops rolling and uncurls.
The boulder beetle curls into a ball and begins rolling!
The boulder beetle hits you!! The Shining One protects you from harm!
The boulder beetle stops rolling and uncurls.
The boulder beetle curls into a ball and begins rolling!
The boulder beetle hits you!!! The Shining One protects you from harm!
The boulder beetle stops rolling and uncurls.
The boulder beetle curls into a ball and begins rolling!
There is a stone staircase leading up here.
The boulder beetle hits you!!!
You die...

##### ## ## ##### #... .. .#
#######...#######.# #. .#
#.................##### #. .#
#.#####..@B○°.........# #.
.#######.######.#######..###.#
#. .#...............#
#..###.###. .....###.######.##
#...[...... .#.#.# #.# ###
#..##)#.#.. .#.#.# #.#
#..#.###... .#.#.# #.####
#...# ##.. .#.#.# #....#
######.##.###..# ..(#.###....#
#.......##.#.#.#


You could see a boulder beetle.

Vanquished Creatures
  Pikel (D:5)
  Grinder (D:6)
  Sigmund (D:3)
  Edmund (D:6)
  A phantom (D:5)
  A wolf (D:6)
  A centaur (D:5)
  A lemure (D:5)
  Blork the orc (D:6)
  A gnoll sergeant (D:6)
  3 wights (D:6)
  3 howler monkeys
  A bullfrog zombie (D:5)
  3 centaur zombies (D:4)
  A centaur skeleton (D:4)
  2 gnoll shamans (D:6)
  3 hounds
  A bullfrog skeleton (D:4)
  6 orc priests
  Ijyb (D:3)
  2 iguanas
  5 orc wizards
  3 worker ants
  A hound zombie (D:7)
  A mummy (D:6)
  4 worker ant zombies
  A howler monkey skeleton (D:4)
  5 adders
  16 gnolls
  A shadow imp (D:5)
  2 white imps
  An ooze (D:1)
  4 adder zombies
  An adder skeleton (D:4)
  4 worms
  2 dart slugs
  6 leopard geckos
  21 orcs
  3 giant cockroaches
  7 goblins
  3 hobgoblins
  12 jackals
  A kobold (D:3)
  3 quokkas
  9 bats
  8 frilled lizards
  A giant cockroach zombie (D:4)
  A goblin zombie (D:6)
  A jackal zombie (D:4)
  An orc zombie (D:6)
  A quokka skeleton (D:5)
  A quokka zombie (D:6)
  4 rats
170 creatures vanquished.

Vanquished Creatures (others)
  4 plants (D:7)
  5 withered plants (D:4)
9 creatures vanquished.

Grand Total: 179 creatures vanquished

Notes
Turn   | Place    | Note
-------+----------+-------------------------------------------
     0 | D:1      | Martska the Ogre Hunter began the quest for the Orb.
     0 | D:1      | Reached XP level 1. HP: 22/22 MP: 1/1
    32 | D:1      | Found a shimmering altar of Xom.
    40 | D:1      | Reached skill level 3 in Fighting
   263 | D:1      | Reached XP level 2. HP: 28/31 MP: 2/2
  1013 | D:2      | Reached XP level 3. HP: 11/37 MP: 3/3
  1520 | D:2      | Reached skill level 1 in Maces & Flails
  2618 | D:3      | Noticed Sigmund
  2621 | D:3      | Killed Sigmund
  2622 | D:3      | Reached skill level 4 in Fighting
  2622 | D:3      | Reached XP level 4. HP: 49/49 MP: 4/4
  2622 | D:3      | Reached XP level 5. HP: 55/55 MP: 5/5
  2789 | D:3      | Reached XP level 6. HP: 49/63 MP: 6/6
  2795 | D:3      | Reached skill level 5 in Throwing
  3400 | D:3      | Noticed Ijyb
  3403 | D:3      | Killed Ijyb
  3420 | D:3      | Found an ornate altar of the Wu Jian Council.
  3964 | D:4      | Reached skill level 5 in Fighting
  4001 | D:4      | Reached XP level 7. HP: 13/72 MP: 7/7
  4907 | D:4      | Found a staircase to the Ecumenical Temple.
  4957 | Temple   | Entered the Ecumenical Temple
  4966 | Temple   | Became a worshipper of the Shining One
  5480 | D:4      | Reached skill level 6 in Fighting
  5981 | D:5      | Entered Level 5 of the Dungeon
  6071 | D:5      | Reached * piety under the Shining One
  6091 | D:5      | Reached XP level 8. HP: 33/84 MP: 8/8
  7953 | D:6      | Noticed Edmund
  7958 | D:6      | Killed Edmund
  7958 | D:6      | Noticed Pikel
  7959 | D:6      | Reached skill level 7 in Fighting
  7959 | D:6      | Reached skill level 5 in Dodging
  8749 | D:5      | Paralysed by Pikel for 4 turns
  8763 | D:5      | Killed Pikel
  8764 | D:5      | Reached skill level 8 in Fighting
  8764 | D:5      | Reached skill level 5 in Maces & Flails
  8764 | D:5      | Reached XP level 9. HP: 21/96 MP: 9/9
  9097 | D:6      | Noticed Grinder
  9124 | D:6      | Killed Grinder
  9390 | D:6      | Reached ** piety under the Shining One
  9393 | D:6      | Found Purigem's Antique Weapon Shop.
  9704 | D:6      | Noticed Blork the orc
  9717 | D:6      | Killed Blork the orc
 10958 | D:6      | Reached skill level 9 in Fighting
 11587 | D:7      | Reached skill level 1 in Invocations
 11664 | D:7      | Noticed Menkaure
 11669 | D:7      | Noticed a boulder beetle
 11669 | D:7      | Reached *** piety under the Shining One
 11690 | D:7      | HP: 3/98 [boulder beetle (26)]
 11914 | D:7      | The Shining One protects you from harm!
 11920 | D:7      | The Shining One protects you from harm!
 11924 | D:7      | Annihilated by a boulder beetle

Illustrated notes

Levels and vault maps discovered:
D:1:      saegor_arrival_simple_a, layout_loops_ring,
          hangedman_abyss_or_decor_stabs, st_stairs_12, xom_teletrap_fun
D:2:      layout_loops_cross
D:3:      layout_basic, marbit_many_paths, uniq_ijyb, uniq_sigmund
D:4:      layout_basic, minmay_temple_entry_grid, serial_undead,
          serial_undead_b, serial_undead_c, serial_undead_f, serial_undead_e,
          serial_undead_c, serial_undead_b
D:5:      layout_basic
D:6:      layout_cave_pools, nicolae_ossuary_entry_giza, serial_gnoll_camp,
          gnoll_camp_mini_doghouse, gnoll_camp_medium_01, gnoll_camp_mini_shop,
          gnoll_camp_mini_basic, uniq_pikel, uniq_blork_the_orc, uniq_grinder,
          uniq_edmund
D:7:      nzn_winding_woodlands_large [nzn_winding_woodlands_5x5_cross,
          nzn_winding_woodlands_5x15_twine, nzn_winding_woodlands_hourglass,
          nzn_winding_woodlands_center_pierced_h,
          nzn_winding_woodlands_15x15_eel_pit,
          nzn_winding_woodlands_center_diamonds,
          nzn_winding_woodlands_5x5_closed_star,
          nzn_winding_woodlands_5x15_longhouse,
          nzn_winding_woodlands_5x5_default], layout_loops_ring, minitemple,
          uniq_menkaure
Temple:   eino_narrow_crystal_temple

Skill      XL: |  1  2  3  4  5  6  7  8  9 |
---------------+----------------------------+-----
Fighting       | 3 4 5 6 8 9 |  9.1
Dodging        | 2 3 4 5 6 |  6.3
Maces & Flails | 2 3 5 |  5.9
Throwing       | 5 6 7 |  7.0
Invocations    | 1 |  1.2
Stealth        | |  0.6
Evocations     | |  0.8

Action                   |  1- 3 |  4- 6 |  7- 9 || total
-------------------------+-------+-------+-------++-------
Melee: Short sword       |     9 |       |       ||     9
       Whip              |    73 |       |   248 ||   321
       Flail             |   102 |   104 |   250 ||   456
Throw: Large rock        |     3 |     2 |    16 ||    21
       Throwing net      |       |       |     2 ||     2
  Use: Potion            |     2 |       |     4 ||     6
       Scroll            |       |       |     8 ||     8
Armor: Robe              |    84 |    17 |    65 ||   166
Dodge: Dodged            |   139 |    61 |   330 ||   530
Block: Other             |       |       |    22 ||    22
       Reflection        |       |       |     3 ||     3
